 Dungeon Crawl Stone Soup version 0.32-a0-411-g744942f433 (webtiles) character file.

Game seed: 8131986792232370851

69 pokeman the Magician (level 4, 0/25 HPs)
             Began as a Deep Elf Hedge Wizard on Feb 20, 2024.
             Slain by an adder (1 damage)
             ... on level 2 of the Dungeon.
             The game lasted 00:02:26 (1713 turns).

pokeman the Magician (Deep Elf Hedge Wizard)        Turns: 1713, Time: 00:02:27

Health: 0/25       AC:  2    Str:  7    XL:     4   Next: 2%
Magic:  2/13       EV: 12    Int: 21    God:
Gold:   69         SH:  0    Dex: 14    Spells: 6/14 levels left

rFire   + . .        a - +0 dagger
rCold   . . .        (no shield)
rNeg    . . .        b - +0 robe
rPois   .            c - +0 hat
rElec   .            (no cloak)
rCorr   .            (no gloves)
SInv    .            (no boots)
Will    .....        (no amulet)
Stlth   ++           n - ring of protection from fire
HPRegen 0.24/turn    (no ring)
MPRegen 0.13/turn

%: no passive effects
@: lethally poisoned (0 -> -3)
A: no striking features
a: no special abilities


You were on level 2 of the Dungeon.
You visited 1 branch of the dungeon, and saw 2 of its levels.

You collected 69 gold pieces.

Inventory:

Hand Weapons
 a - a +0 dagger (weapon)
Armour
 b - a +0 robe (worn)
 c - a +0 hat (worn)
 m - +0 shadow dragon scales
Jewellery
 n - a ring of protection from fire (left hand)
Scrolls
 f - a scroll of enchant weapon {unknown}
 g - a scroll of brand weapon {unknown}
 h - 3 scrolls of noise {unknown}
 l - a scroll of revelation {unknown}
Potions
 d - a potion of magic
 e - 2 potions of resistance {unknown}
 i - a potion of curing {unknown}
 j - a potion of haste {unknown}
 k - a potion of heal wounds {unknown}


   Skills:
 - Level 1.0 Fighting
 - Level 1.0 Armour
 + Level 2.5 Dodging
 + Level 2.5 Stealth
 * Level 5.5 Spellcasting
 + Level 2.1 Conjurations
 - Level 1.1 Summonings
 - Level 1.1 Translocations


You had 6 spell levels left.
You knew the following spells:

 Your Spells              Type           Power      Damage    Failure   Level
a - Magic Dart            Conj           56%        1d5       4%          1
b - Mephitic Cloud        Conj/Alch/Air  8%         N/A       22%         3
c - Call Imp              Summ           20%        N/A       10%         2
d - Blink                 Tloc           20%        N/A       10%         2

Your spell library contained the following spells:

 Spells                   Type           Power      Damage    Failure   Level
 Slow                     Hex            20%        N/A       11%         1
 Cigotuvi's Dreadful Rot  Necr/Alch/Air  10%        N/A       16%         2
 Inner Flame              Hex/Fire       5%         N/A       30%         3
 Irradiate                Conj/Alch      5%         3d13      88%         5
 Ignition                 Fire           2%         3d3       100%        8


Dungeon Overview and Level Annotations

Branches:
Dungeon (2/15)

Altars:


Message History

The adder bites you.
You hit the adder but do no damage.
The adder is lightly wounded.
The adder closely misses you.
The ribbon worm misses the adder.
Unknown command.
You hit the adder.
The adder is heavily wounded.
The adder bites you.
You are poisoned.
The adder poisons you!
The ribbon worm closely misses the adder.
The adder closely misses you.
You hit the adder but do no damage.
The adder is heavily wounded.
You feel sick. The adder bites you.
Unknown command.
You hit the adder.
The adder is severely wounded.
You feel sick. The adder bites you but does no damage.
Unknown command.
You hit the adder but do no damage.
The adder is severely wounded.
You feel sick. The adder barely misses you.
Unknown command.
You miss the adder.
The adder is severely wounded.
You feel sick. The adder misses you. The adder bites you.
* * * LOW HITPOINT WARNING * * *
You are lethally poisoned!
The adder poisons you!
Unknown command.
You closely miss the adder.
The adder is severely wounded.
* * * LOW HITPOINT WARNING * * *
You feel sick. The adder bites you.
* * * LOW HITPOINT WARNING * * *
Unknown command.
* * * LOW HITPOINT WARNING * * *
You feel sick. The adder attacks as it pursues you! The adder bites you.
You die...

##. #.$ ##$.. #^######### #....
#.##......# #... #.##.####.# #..#
###### #.##.# #.# #..# ......
#####.##.# #.# #..# #
.......>.####.#####..#### ##
#.########......@S..○.w.########.
#.# #.########.............# #.#
#.#########.#######.###. #.##
#.#..........# #.# ## #..#
#.#.########.# ####.#### ##.#
##.#.#### .# #....#... #.#
#.......# .# #.####.## #.#
#.#####.# .# #.# #.# #.# #.#
#.### .# #.# #.#


You could see a ribbon worm (confused) and an adder.

Vanquished Creatures
  2 adders (D:2)
  A ribbon worm (D:2)
  3 bats (D:1)
  6 endoplasms
  A giant cockroach (D:1)
  3 hobgoblins (D:1)
  2 quokkas (D:1)
  3 ball pythons
  3 frilled lizards
  3 goblins
  A kobold (D:1)
28 creatures vanquished.

Notes
Turn   | Place    | Note
-------+----------+-------------------------------------------
     0 | D:1      | pokeman the Deep Elf Hedge Wizard began the quest for the
                  | Orb.
     0 | D:1      | Reached XP level 1. HP: 10/10 MP: 7/7
   261 | D:1      | Reached XP level 2. HP: 16/16 MP: 7/9
   632 | D:1      | Reached skill level 5 in Spellcasting
   698 | D:1      | Reached XP level 3. HP: 20/20 MP: 7/11
   703 | D:1      | Learned a level 3 spell: Mephitic Cloud
   706 | D:1      | Learned a level 2 spell: Call Imp
   709 | D:1      | Learned a level 2 spell: Blink
  1293 | D:2      | Reached skill level 1 in Fighting
  1293 | D:2      | Reached skill level 1 in Armour
  1537 | D:2      | Found a faded altar of an unknown god.
  1686 | D:2      | Reached XP level 4. HP: 25/25 MP: 8/13
  1713 | D:2      | HP: 1/25 [poisoned by an adder]
  1713 | D:2      | Slain by an adder

Illustrated notes

Levels and vault maps discovered:
D:1:      ldierk_walled_garden, layout_basic
D:2:      layout_loops_ring, hellmonk_ecumenical_altar_run_dry,
          minmay_pentomino_o2

Skill      XL: |  1  2  3 |
---------------+----------+-----
Spellcasting   | 5 |  5.5
Fighting       | 1 |  1.0
Armour         | 1 |  1.0
Conjurations   | 2 |  2.1
Dodging        | |  2.5
Stealth        | |  2.5
Summonings     | |  1.1
Translocations | |  1.1

Action                     |  1- 3 |  4- 6 || total
---------------------------+-------+-------++-------
  Melee: Dagger            |    17 |    15 ||    32
   Cast: Magic Dart        |    66 |     4 ||    70
         Mephitic Cloud    |     3 |     2 ||     5
         Call Imp          |     1 |       ||     1
   Stab: Confused          |     1 |     1 ||     2
 Armour: Robe              |    10 |    10 ||    20
  Dodge: Dodged            |    16 |     8 ||    24

Table legend: (Time is in decaauts)
 A = Elapsed time spent in this place.
 B = Non-inter-level travel time spent in this place.
 C = Inter-level travel time spent in this place.
 D = Time resting spent in this place.
 E = Time spent auto-exploring this place.
 F = Levels seen in this place.
 G = Mean time per level.
                   A        B        C        D        E       F      G
               +--------+--------+--------+--------+--------+-----+--------+
         Total |   1713 |   1689 |     24 |      0 |   1488 |   2 |  856.5 |
       Dungeon |   1713 |   1689 |     24 |      0 |   1488 |   2 |  856.5 |
               +--------+--------+--------+--------+--------+-----+--------+

Top non-repeatable levels by time:
     D:1: 1036 daAuts
     D:2: 677 daAuts
